| TOP OF THE 1ST |
|
Portland Stag batting - Pitching for New Orleans Brass : RHP Mike Dunne
|
|
Pitching: RHP Mike Dunne
|
|
|
Batting: RHB Fernando Tatis
|
0-0: Foul Ball, location: 2F 0-1: Foul Ball, location: 2F 0-2: SINGLE (Line Drive, 8LS, EV 90.0 MPH)
|
|
Batting: RHB Wes Chamberlain
|
0-0: Swinging Strike 0-1: Ball 1-1: SINGLE (Groundball, 4MD, EV 98.1 MPH) Fernando Tatis to second
|
|
Batting: LHB Mark P Johnson
|
0-0: Ball 1-0: SINGLE (Groundball, 4MD, EV 94.4 MPH) Fernando Tatis to third Wes Chamberlain to second Runner from 3rd tries for Home, SAFE, throw by CF to home
|
|
Batting: RHB Mike Macfarlane
|
0-0: Called Strike 0-1: Called Strike 0-2: Ball 1-2: Strikes out swinging
|
|
Batting: RHB Chris Widger
|
0-0: Fly out, F8 (Line Drive, 8LD, EV 98.1 MPH)
|
|
Batting: RHB Mike Mordecai
|
0-0: Ball 1-0: Foul Ball, location: 2F 1-1: Swinging Strike 1-2: Foul Ball, location: 2F 1-2: Foul Ball, location: 2F 1-2: Ball Wild Pitch! Wes Chamberlain to third Mark P Johnson to second 2-2: Foul Ball, location: 2F 2-2: Fly out, F3 (Popup, 3S, EV 80.6 MPH)
|
| Top of the 1st over - 1 run, 3 hits, 0 errors, 2 left on base; Portland 1 - New Orleans 0 |
| BOTTOM OF THE 1ST |
|
New Orleans Brass batting - Pitching for Portland Stag : RHP Bill C. Swift
|
|
Pitching: RHP Bill C. Swift
|
|
|
Batting: SHB Cecil Espy
|
0-0: Called Strike 0-1: Ball 1-1: Ball 2-1: Foul Ball, location: 2F 2-2: Foul Ball, location: 2F 2-2: Ground out 6-3 (Groundball, 6, EV 91.3 MPH)
|
|
Batting: RHB Dante Powell
|
0-0: Ball 1-0: Swinging Strike 1-1: Called Strike 1-2: Strikes out swinging
|
|
Batting: RHB Scott Brosius
|
0-0: Ball 1-0: Swinging Strike 1-1: SINGLE (Flyball, 3D, EV 91.9 MPH)
|
|
Batting: SHB Jose L Cruz
|
0-0: Ball 1-0: Ball 2-0: Swinging Strike 2-1: Swinging Strike 2-2: Ball 3-2: Base on Balls Scott Brosius to second
|
|
Batting: RHB Carmelo Martinez
|
0-0: Called Strike 0-1: Swinging Strike 0-2: Foul Ball, location: 2F 0-2: Ball 1-2: Ball 2-2: Foul Ball, location: 2F 2-2: Ball 3-2: Base on Balls Scott Brosius to third Jose L Cruz to second
|
|
Batting: SHB Jose Vidro
|
0-0: Ball 1-0: Called Strike 1-1: Swinging Strike 1-2: Ball 2-2: Foul Ball, location: 2F 2-2: Ball Wild Pitch! Scott Brosius scores Jose L Cruz to third Carmelo Martinez to second 3-2: Base on Balls
|
|
Batting: LHB Greg Myers
|
0-0: Called Strike 0-1: Fly out, F8 (Flyball, 8RD, EV 78.8 MPH)
|
| Bottom of the 1st over - 1 run, 1 hit, 0 errors, 3 left on base; Portland 1 - New Orleans 1 |
| TOP OF THE 2ND |
|
Portland Stag batting - Pitching for New Orleans Brass : RHP Mike Dunne
|
|
Batting: RHB Alex S Gonzalez
|
0-0: Called Strike 0-1: Ball 1-1: Swinging Strike 1-2: Ball 2-2: Ball 3-2: Base on Balls
|
|
Batting: LHB Yoshinobu Takahashi
|
0-0: Ball Wild Pitch! Alex S Gonzalez to second 1-0: Called Strike 1-1: Swinging Strike 1-2: Fly out, F9 (Flyball, 9LS, EV 86.9 MPH)
|
|
Batting: LHB Hiroshi Shibahara
|
0-0: Ball 1-0: Called Strike 1-1: Foul Ball, location: 2F 1-2: Foul Ball, location: 2F 1-2: Fly out, F7 (Flyball, 78D, EV 90.0 MPH) Runner from 2nd tags up, SAFE at 3rd with throw by LF
|
|
Batting: RHB Fernando Tatis
|
0-0: Ball 1-0: Ball 2-0: SINGLE (Groundball, 25, EV 73.1 MPH) (infield hit) Alex S Gonzalez scores
|
|
Batting: RHB Wes Chamberlain
|
0-0: Fly out, F7 (Flyball, 78M, EV 79.4 MPH)
|
| Top of the 2nd over - 1 run, 1 hit, 0 errors, 1 left on base; Portland 2 - New Orleans 1 |
| BOTTOM OF THE 2ND |
|
New Orleans Brass batting - Pitching for Portland Stag : RHP Bill C. Swift
|
|
Batting: SHB Wilson Delgado
|
0-0: Ball 1-0: Fly out, F5 (Popup, 56S, EV 73.8 MPH)
|
|
Batting: RHB Luis Ordaz
|
0-0: Ball 1-0: Foul Ball, location: 2F 1-1: SINGLE (Groundball, 56D, EV 97.5 MPH)
|
|
Batting: SHB Cecil Espy
|
0-0: Ball 1-0: Ball 2-0: Called Strike 2-1: Ball 3-1: Fly out, F7 (Flyball, 7S, EV 86.9 MPH)
|
|
Batting: RHB Dante Powell
|
0-0: Called Strike 0-1: Swinging Strike 0-2: Ball 1-2: Ground out 5-3 (Groundball, 56S, EV 85.6 MPH)
|
| Bottom of the 2nd over - 0 runs, 1 hit, 0 errors, 1 left on base; Portland 2 - New Orleans 1 |
| TOP OF THE 3RD |
|
Portland Stag batting - Pitching for New Orleans Brass : RHP Mike Dunne
|
|
Batting: LHB Mark P Johnson
|
0-0: Ball 1-0: Ball 2-0: Foul Ball, location: 2F 2-1: Ball 3-1: Called Strike 3-2: Foul Ball, location: 2F 3-2: Foul Ball, location: 2F 3-2: Foul Ball, location: 2F 3-2: Fly out, F5 (Popup, 25, EV 80.0 MPH)
|
|
Batting: RHB Mike Macfarlane
|
0-0: SOLO HOME RUN (Line Drive, 7D, EV 99.4 MPH), Distance : 374 ft
|
|
Batting: RHB Chris Widger
|
0-0: Ball 1-0: Called Strike 1-1: Foul Ball, location: 2F 1-2: Strikes out swinging
|
|
Batting: RHB Mike Mordecai
|
0-0: Ball 1-0: Foul Ball, location: 2F 1-1: DOUBLE (Flyball, 8RXD, EV 100.6 MPH)
|
|
Batting: RHB Alex S Gonzalez
|
0-0: Fly out, F3 (Popup, 3F, EV 69.4 MPH)
|
| Top of the 3rd over - 1 run, 2 hits, 0 errors, 1 left on base; Portland 3 - New Orleans 1 |
| BOTTOM OF THE 3RD |
|
New Orleans Brass batting - Pitching for Portland Stag : RHP Bill C. Swift
|
|
Batting: RHB Scott Brosius
|
0-0: Foul Ball, location: 2F 0-1: Ball 1-1: Ball 2-1: Fly out, F8 (Flyball, 8RS, EV 85.6 MPH)
|
|
Batting: SHB Jose L Cruz
|
0-0: Ball 1-0: Called Strike 1-1: Ball 2-1: Called Strike 2-2: Foul Ball, location: 2F 2-2: Strikes out swinging
|
|
Batting: RHB Carmelo Martinez
|
0-0: Called Strike 0-1: Ball 1-1: Ball 2-1: Ground out 5-3 (Groundball, 56, EV 103.8 MPH)
|
| Bottom of the 3rd over - 0 runs, 0 hits, 0 errors, 0 left on base; Portland 3 - New Orleans 1 |
| TOP OF THE 4TH |
|
Portland Stag batting - Pitching for New Orleans Brass : RHP Mike Dunne
|
|
Batting: LHB Yoshinobu Takahashi
|
0-0: Ball 1-0: Ground out U3 (Groundball, 3, EV 99.4 MPH)
|
|
Batting: LHB Hiroshi Shibahara
|
0-0: Ground out 4-3 (Groundball, 4, EV 111.3 MPH)
|
|
Batting: RHB Fernando Tatis
|
0-0: Called Strike 0-1: Foul Ball, location: 2F 0-2: Ball 1-2: Strikes out swinging passed ball, reaches first!
|
|
Batting: RHB Wes Chamberlain
|
0-0: Foul Ball, location: 2F 0-1: Foul Ball, location: 2F 0-2: Ball 1-2: SINGLE (Line Drive, 7S, EV 108.1 MPH) Fernando Tatis to second
|
|
Batting: LHB Mark P Johnson
|
0-0: Ball 1-0: Fly out, F4 (Popup, 4M, EV 54.4 MPH)
|
| Top of the 4th over - 0 runs, 1 hit, 0 errors, 2 left on base; Portland 3 - New Orleans 1 |
| BOTTOM OF THE 4TH |
|
New Orleans Brass batting - Pitching for Portland Stag : RHP Bill C. Swift
|
|
Batting: SHB Jose Vidro
|
0-0: Called Strike 0-1: Ball 1-1: Ball 2-1: Ball 3-1: Base on Balls
|
|
Batting: LHB Greg Myers
|
0-0: Foul Ball, location: 2F 0-1: Ball 1-1: Ball 2-1: Ball 3-1: Base on Balls Jose Vidro to second
|
|
Batting: SHB Wilson Delgado
|
0-0: Foul Ball, location: 2F 0-1: SINGLE (Groundball, 6MD, EV 97.5 MPH) Jose Vidro to third Greg Myers to second Runner from 3rd tries for Home, SAFE, no throw by CF
|
|
Batting: RHB Luis Ordaz
|
0-0: SINGLE (Line Drive, 34D, EV 103.8 MPH) Greg Myers to third Wilson Delgado to second Runner from 3rd tries for Home, SAFE, throw by RF to home
|
|
Batting: SHB Cecil Espy
|
0-0: Foul Ball, location: 2F 0-1: SINGLE (Flyball, 8LS, EV 90.0 MPH) Wilson Delgado to third Luis Ordaz to second
|
|
Batting: RHB Dante Powell
|
0-0: Ball 1-0: SINGLE (Line Drive, 7S, EV 101.9 MPH) Wilson Delgado scores Luis Ordaz to third Cecil Espy to second
|
|
Batting: RHB Scott Brosius
|
0-0: Called Strike 0-1: Called Strike 0-2: Fly out, F9 (Flyball, 89D, EV 93.1 MPH) Runner from 3rd tags up, SCORES, throw by RF Cecil Espy to third
|
|
Batting: SHB Jose L Cruz
|
0-0: Ball Dante Powell steals 2nd base 1-0: Called Strike 1-1: Ground out 5-3 (Groundball, 56, EV 90.6 MPH) Cecil Espy scores
|
|
Pitching: LHP Billy Brewer
|
|
|
Batting: RHB Carmelo Martinez
|
0-0: Ball 1-0: Ball 2-0: Called Strike 2-1: Swinging Strike 2-2: Foul Ball, location: 2F 2-2: Ball Wild Pitch! Dante Powell to third 3-2: Strikes out swinging
|
| Bottom of the 4th over - 5 runs, 4 hits, 0 errors, 1 left on base; Portland 3 - New Orleans 6 |
| TOP OF THE 5TH |
|
Portland Stag batting - Pitching for New Orleans Brass : RHP Mike Dunne
|
|
Batting: RHB Mike Macfarlane
|
0-0: Ball 1-0: Ball 2-0: Swinging Strike 2-1: Foul Ball, location: 2F 2-2: Ball 3-2: Foul Ball, location: 2F 3-2: Strikes out swinging
|
|
Pitching: RHP Todd Burns
|
|
|
Batting: RHB Chris Widger
|
0-0: Called Strike 0-1: Ball 1-1: Swinging Strike 1-2: Fly out, F4 (Popup, 34, EV 79.4 MPH)
|
|
Pitching: RHP Jose Paniagua
|
|
|
Batting: RHB Mike Mordecai
|
0-0: Fly out, F9 (Line Drive, 9D, EV 91.3 MPH)
|
| Top of the 5th over - 0 runs, 0 hits, 0 errors, 0 left on base; Portland 3 - New Orleans 6 |
| BOTTOM OF THE 5TH |
|
New Orleans Brass batting - Pitching for Portland Stag : LHP Billy Brewer
|
|
Batting: SHB Jose Vidro
|
0-0: Ground out 3-1 (Groundball, 34, EV 105.0 MPH)
|
|
Batting: LHB Greg Myers
|
0-0: Ball 1-0: Ground out 5-3 (Groundball, 5, EV 82.5 MPH)
|
|
Batting: SHB Wilson Delgado
|
0-0: Ball 1-0: Ball 2-0: Called Strike 2-1: Foul Ball, location: 2F 2-2: Fly out, F8 (Flyball, 8LM, EV 94.4 MPH)
|
| Bottom of the 5th over - 0 runs, 0 hits, 0 errors, 0 left on base; Portland 3 - New Orleans 6 |
| TOP OF THE 6TH |
|
Portland Stag batting - Pitching for New Orleans Brass : RHP Jose Paniagua
|
|
Batting: RHB Alex S Gonzalez
|
0-0: Ball 1-0: Called Strike 1-1: Fly out, F9 (Flyball, 89S, EV 88.1 MPH)
|
|
Batting: LHB Yoshinobu Takahashi
|
0-0: Ground out 4-3 (Groundball, 4D, EV 108.8 MPH)
|
|
Batting: LHB Hiroshi Shibahara
|
0-0: Called Strike 0-1: Ball 1-1: Ball 2-1: Swinging Strike 2-2: Foul Ball, location: 2F 2-2: Ball 3-2: Foul Ball, location: 2F 3-2: Fly out, F8 (Line Drive, 8LM, EV 90.0 MPH)
|
| Top of the 6th over - 0 runs, 0 hits, 0 errors, 0 left on base; Portland 3 - New Orleans 6 |
| BOTTOM OF THE 6TH |
|
New Orleans Brass batting - Pitching for Portland Stag : LHP Billy Brewer
|
|
Batting: RHB Luis Ordaz
|
0-0: Foul Ball, location: 2F 0-1: Swinging Strike 0-2: Foul Ball, location: 2F 0-2: Strikes out looking
|
|
Batting: SHB Cecil Espy
|
0-0: Foul Ball, location: 2F 0-1: Ball 1-1: Foul Ball, location: 2F 1-2: Ball 2-2: Foul Ball, location: 2F 2-2: Ball 3-2: Ground out 6-3 (Groundball, 6, EV 81.9 MPH)
|
|
Batting: RHB Dante Powell
|
0-0: Ball 1-0: SINGLE (Groundball, 34D, EV 96.9 MPH)
|
|
Batting: RHB Scott Brosius
|
0-0: Foul Ball, location: 2F 0-1: Foul Ball, location: 2F 0-2: Ball 1-2: 2-RUN HOME RUN (Flyball, 78XD, EV 92.5 MPH), Distance : 436 ft
|
|
Batting: SHB Jose L Cruz
|
0-0: Foul Ball, location: 2F 0-1: Foul Ball, location: 2F 0-2: Foul Ball, location: 2F 0-2: Ball 1-2: Fly out, F9 (Flyball, 9, EV 83.8 MPH)
|
| Bottom of the 6th over - 2 runs, 2 hits, 0 errors, 0 left on base; Portland 3 - New Orleans 8 |
| TOP OF THE 7TH |
|
Portland Stag batting - Pitching for New Orleans Brass : RHP Jose Paniagua
|
|
Batting: RHB Fernando Tatis
|
0-0: Called Strike 0-1: Fly out, F7 (Flyball, 7S, EV 85.6 MPH)
|
|
Batting: RHB Wes Chamberlain
|
0-0: Ball 1-0: Ball 2-0: Foul Ball, location: 2F 2-1: Ball 3-1: Base on Balls
|
|
Batting: LHB Mark P Johnson
|
0-0: Foul Ball, location: 2F 0-1: Ball 1-1: Fly out, F8 (Flyball, 8RM, EV 81.9 MPH)
|
|
Batting: RHB Mike Macfarlane
|
0-0: Called Strike 0-1: Ball 1-1: Called Strike 1-2: Ball 2-2: Foul Ball, location: 2F 2-2: Fly out, F9 (Flyball, 9S, EV 94.4 MPH)
|
| Top of the 7th over - 0 runs, 0 hits, 0 errors, 1 left on base; Portland 3 - New Orleans 8 |
| BOTTOM OF THE 7TH |
|
New Orleans Brass batting - Pitching for Portland Stag : LHP Billy Brewer
|
|
Batting: RHB Carmelo Martinez
|
0-0: Called Strike 0-1: Ball 1-1: Fly out, F9 (Flyball, 9D, EV 96.3 MPH)
|
|
Batting: SHB Jose Vidro
|
0-0: Ball 1-0: Ball 2-0: Foul Ball, location: 2F 2-1: SINGLE (Flyball, 7S, EV 91.9 MPH)
|
|
Pitching: RHP Carlos Castillo
|
|
|
Batting: LHB Greg Myers
|
0-0: Called Strike 0-1: Ball 1-1: Ball 2-1: Ball 3-1: Base on Balls Jose Vidro to second
|
|
Batting: SHB Wilson Delgado
|
0-0: Foul Ball, location: 2F 0-1: Ball 1-1: Foul Ball, location: 2F 1-2: Ball 2-2: Foul Ball, location: 2F 2-2: Foul Ball, location: 2F 2-2: Grounds into double play, 6-4-3 (Groundball, 6, EV 105.0 MPH)
|
| Bottom of the 7th over - 0 runs, 1 hit, 0 errors, 1 left on base; Portland 3 - New Orleans 8 |
| TOP OF THE 8TH |
|
Portland Stag batting - Pitching for New Orleans Brass : RHP Jose Paniagua
|
|
Batting: RHB Chris Widger
|
0-0: Ball 1-0: Called Strike 1-1: Called Strike 1-2: Ball 2-2: Ball 3-2: Ground out 5-3 (Groundball, 56S, EV 81.9 MPH)
|
|
Batting: RHB Mike Mordecai
|
0-0: Foul Ball, location: 2F 0-1: Ball 1-1: Called Strike 1-2: Ball 2-2: Foul Ball, location: 2F 2-2: Fly out, F4 (Popup, 34D, EV 54.4 MPH)
|
|
Pitching: RHP Cris Carpenter
|
|
|
Batting: RHB Alex S Gonzalez
|
0-0: Swinging Strike 0-1: Foul Ball, location: 2F 0-2: Strikes out swinging
|
| Top of the 8th over - 0 runs, 0 hits, 0 errors, 0 left on base; Portland 3 - New Orleans 8 |
| BOTTOM OF THE 8TH |
|
New Orleans Brass batting - Pitching for Portland Stag : RHP Carlos Castillo
|
|
Batting: RHB Luis Ordaz
|
0-0: Ball 1-0: Fly out, F8 (Flyball, 8LD, EV 91.3 MPH)
|
|
Batting: SHB Cecil Espy
|
0-0: Fly out, F7 (Flyball, 7LS, EV 79.4 MPH)
|
|
Batting: RHB Dante Powell
|
0-0: Ball 1-0: Ball 2-0: Foul Ball, location: 2F 2-1: Ball 3-1: Foul Ball, location: 2F 3-2: SINGLE (Groundball, 6MD, EV 93.8 MPH)
|
|
Pitching: RHP Ron Blazier
|
|
|
Batting: RHB Scott Brosius
|
0-0: Called Strike 0-1: Swinging Strike 0-2: Ball 1-2: Ball 2-2: Ball 3-2: DOUBLE (Line Drive, 78XD, EV 110.6 MPH) Dante Powell to third Dante Powell scores
|
|
Batting: SHB Jose L Cruz
|
0-0: Swinging Strike 0-1: Ball 1-1: Called Strike 1-2: Foul Ball, location: 2F 1-2: Strikes out swinging
|
| Bottom of the 8th over - 1 run, 2 hits, 0 errors, 1 left on base; Portland 3 - New Orleans 9 |
| TOP OF THE 9TH |
|
Portland Stag batting - Pitching for New Orleans Brass : RHP Cris Carpenter
|
|
Batting: LHB Yoshinobu Takahashi
|
0-0: Ground out 6-3 (Groundball, 6, EV 103.1 MPH)
|
|
Batting: LHB Hiroshi Shibahara
|
0-0: Called Strike 0-1: Ball 1-1: Ball 2-1: Called Strike 2-2: DOUBLE (Line Drive, 7LM, EV 101.9 MPH)
|
|
Batting: RHB Fernando Tatis
|
0-0: Called Strike 0-1: Swinging Strike 0-2: SINGLE (Groundball, 6D, EV 98.1 MPH) Hiroshi Shibahara to third
|
|
Batting: RHB Wes Chamberlain
|
0-0: Ball 1-0: Ball 2-0: Ball 3-0: Called Strike 3-1: Base on Balls Fernando Tatis to second
|
|
Batting: LHB Mark P Johnson
|
0-0: Swinging Strike 0-1: Foul Ball, location: 2F 0-2: Ball 1-2: Ball 2-2: DOUBLE (Line Drive, 7LD, EV 106.9 MPH) Hiroshi Shibahara scores Fernando Tatis scores Wes Chamberlain to third
|
|
Pitching: RHP Luis Aquino
|
|
|
Batting: RHB Mike Macfarlane
|
0-0: Fly out, F9 (Flyball, 9LS, EV 76.3 MPH)
|
|
Batting: RHB Chris Widger
|
0-0: SINGLE (Line Drive, 6M, EV 100.6 MPH) Wes Chamberlain scores Mark P Johnson to third
|
|
Batting: RHB Mike Mordecai
|
0-0: SINGLE (Line Drive, 3D, EV 99.4 MPH) Mark P Johnson scores Chris Widger to second
|
|
Pinch Runner at 2nd Jose Vizcaino:
|
|
|
Batting: RHB Alex S Gonzalez
|
0-0: Ball 1-0: Swinging Strike 1-1: Called Strike 1-2: Strikes out looking
|
| Top of the 9th over - 4 runs, 5 hits, 0 errors, 2 left on base; Portland 7 - New Orleans 9 |
|